 Dungeon Crawl Stone Soup version 0.27-a0-1586-gd5c625afe7 (webtiles) character file.

Game seed: 8369646380851496075

651 BlueGoblin the Vandal (level 7, -4/44 HPs)
             Began as a Kobold Hunter on July 18, 2021.
             Slain by a two-headed ogre (15 damage)
             ... on level 4 of the Dungeon.
             The game lasted 00:15:09 (6026 turns).

BlueGoblin the Vandal (Kobold Hunter)               Turns: 6026, Time: 00:15:09

Health: -4/44      AC:  4    Str: 10    XL:     7   Next: 83%
Magic:  7/7        EV: 15    Int: 12    God:
Gold:   206        SH:  0    Dex: 17    Spells: 6/6 levels left

rFire    . . .     SeeInvis .   a - +2 hunting sling
rCold    . . .     Faith    .   (shield restricted)
rNeg     . . .     Spirit   .   c - +0 leather armour
rPois    .         Reflect  .   (no helmet)
rElec    .         Harm     .   (no cloak)
rCorr    .         Rampage  .   e - +0 pair of gloves
Will     .....                  (no boots)
Stlth    +++.......             (no amulet)
HPRegen  0.14/turn              (no ring)
MPRegen  0.10/turn              (no ring)

@: no status effects
A: small, no large weapons, nightstalker 3
a: no special abilities


You were on level 4 of the Dungeon.
You visited 1 branch of the dungeon, and saw 4 of its levels.

You collected 206 gold pieces.

Inventory:

Hand Weapons
 a - a +2 hunting sling (weapon)
 b - a +1 short sword of draining
Missiles
 d - 20 sling bullets (quivered ammo)
 g - 160 stones
 l - 39 bolts
 p - 7 curare-tipped darts
Armour
 c - a +0 leather armour (worn)
 e - a +0 pair of gloves (worn)
Jewellery
 r - a ring of protection from cold
Scrolls
 m - a scroll of identify
 q - a scroll of magic mapping
 s - a scroll of blinking {unknown}
Potions
 f - 2 potions of might {unknown}
 h - 2 potions of lignification {unknown}
 k - a potion of cancellation {unknown}
 n - a potion of flight {unknown}
 o - a potion of curing


   Skills:
 + Level 4.3 Fighting
 + Level 1.8 Short Blades
 + Level 7.2 Slings
 + Level 2.0 Armour
 + Level 3.2 Dodging
 + Level 2.1 Stealth


You had 6 spell levels left.
You didn't know any spells.
Your spell library was empty.

Dungeon Overview and Level Annotations

Branches:
Dungeon (4/15)
 Temple: D:4-7

Altars:
Fedhas
Kikubaaqudgha
Uskayaw
Wu Jian


Innate Abilities, Weirdness & Mutations

You are small and have problems with some larger weapons.
You are completely attuned to the shadows.


Message History

Fire: 25 sling bullets
Press: ? - help, Q - select action, (/) - cycle Shift-Dir - straight line, f/p - two-headed ogre
Aim: a two-headed ogre, wielding a +0 giant club and a +0 giant spiked club (almost dead, 79% to hit)
You shoot a sling bullet.
The sling bullet hits the two-headed ogre.
The two-headed ogre is almost dead.
Your extra speed is starting to run out.
Fire: 24 sling bullets
Press: ? - help, Q - select action, (/) - cycle Shift-Dir - straight line, f/p - two-headed ogre
Aim: a two-headed ogre, wielding a +0 giant club and a +0 giant spiked club (almost dead, 79% to hit)
You shoot a sling bullet.
The sling bullet barely misses the two-headed ogre.
You feel yourself slow down.
Fire: 23 sling bullets
Press: ? - help, Q - select action, (/) - cycle Shift-Dir - straight line, f/p - two-headed ogre
Aim: a two-headed ogre, wielding a +0 giant club and a +0 giant spiked club (almost dead, 79% to hit)
You shoot a sling bullet.
The sling bullet hits the two-headed ogre but does no damage.
The two-headed ogre is almost dead.
Fire: 22 sling bullets
Press: ? - help, Q - select action, (/) - cycle Shift-Dir - straight line, f/p - two-headed ogre
Aim: a two-headed ogre, wielding a +0 giant club and a +0 giant spiked club (almost dead, 79% to hit)
You shoot a sling bullet.
The sling bullet completely misses the two-headed ogre.
You feel much better.
The two-headed ogre hits you with a +0 giant club!!
The two-headed ogre hits you with a +0 giant spiked club!!
* * * LOW HITPOINT WARNING * * *
You see here a +0 falchion.
The two-headed ogre closely misses you. The two-headed ogre barely misses you.
Fire: 21 sling bullets
Press: ? - help, Q - select action, (/) - cycle Shift-Dir - straight line, f/p - two-headed ogre
Aim: a two-headed ogre, wielding a +0 giant club and a +0 giant spiked club (severely wounded, 79% to hit)
You shoot a sling bullet.
The sling bullet hits the two-headed ogre!
The two-headed ogre is almost dead.
You see here a sling bullet.
The two-headed ogre misses you.
The two-headed ogre hits you with a +0 giant spiked club!
You die...

......>##.#.###.#####.#.†.#
.###.###...)..........#.(.# ####
.# #.##........#.######.(.# ##...
.# #.##.....##.#.# #.(.# #....
####.##†...)...#.# #...# #....
#..#.......#..#.######.(.###....
##.#...####............<.........
#.##...#..#.........[............
##.#._.#.(#...#.@.....).(........
#.....#.(#...#O#######((.#######
###...####..##.# #...# #
#...........##.# #.(.# #
#.###.#........##### #...# #
##.###...###.#......###...# #
......##.###.#........#...#
##.##........#........(...#
#.#####.#####...##...#######


You could see a two-headed ogre.

Vanquished Creatures
  A black bear (D:3)
  An ogre (D:3)
  2 phantoms (D:4)
  2 scorpions (D:4)
  An iguana (D:4)
  A hound skeleton (D:4)
  4 gnolls (D:3)
  4 adders
  2 worms
  3 dart slugs
  5 orcs (D:4)
  8 ball pythons
  2 bats
  3 endoplasms
  4 giant cockroaches
  8 goblins
  6 hobgoblins
  10 jackals
  9 kobolds
  5 quokkas
  4 frilled lizards
  6 rats
91 creatures vanquished.

Vanquished Creatures (others)
  A plant (D:3)
1 creature vanquished.

Grand Total: 92 creatures vanquished

Notes
Turn   | Place    | Note
-------+----------+-------------------------------------------
     0 | D:1      | BlueGoblin the Kobold Hunter began the quest for the Orb.
     0 | D:1      | Reached XP level 1. HP: 12/12 MP: 1/1
   293 | D:1      | Reached XP level 2. HP: 17/17 MP: 2/2
   836 | D:2      | Reached XP level 3. HP: 22/22 MP: 3/3
  1389 | D:2      | Reached skill level 5 in Slings
  1445 | D:2      | Found an ornate altar of the Wu Jian Council.
  1605 | D:2      | Reached XP level 4. HP: 27/27 MP: 4/4
  2322 | D:3      | Reached XP level 5. HP: 32/32 MP: 5/5
  2374 | D:3      | Found an ancient bone altar of Kikubaaqudgha.
  2558 | D:3      | Found a faded altar of an unknown god.
  2699 | D:3      | Found a blossoming altar of Fedhas.
  3360 | D:4      | Noticed a +0 dagger
  3361 | D:4      | Noticed a +0 hand axe
  3386 | D:4      | Noticed a black bear
  3408 | D:3      | Killed a black bear
  3409 | D:3      | Reached skill level 6 in Slings
  3409 | D:3      | Reached skill level 1 in Armour
  3409 | D:3      | Reached XP level 6. HP: 22/37 MP: 6/6
  3794 | D:4      | Noticed an ogre
  4210 | D:3      | Killed an ogre
  4211 | D:3      | Reached skill level 1 in Short Blades
  4601 | D:4      | Reached XP level 7. HP: 25/42 MP: 7/7
  5004 | D:4      | Reached skill level 7 in Slings
  5341 | D:4      | Noticed a two-headed ogre
  5673 | D:4      | Found a hide-covered altar of Uskayaw.
  6026 | D:4      | Slain by a two-headed ogre

Illustrated notes

Levels and vault maps discovered:
D:1:      heliophobic_arrival_battle_scene, layout_basic, minmay_split_cup_small
D:2:      layout_loops_ring, basic_altar
D:3:      layout_basic, lemuel_round_altar, fedhas_altar_1,
          basic_ecumenical_altar, eino_tiny_chamber
D:4:      layout_loops_cross, dancing_weapons_uskayaw

Skill      XL: |  1  2  3  4  5  6  7 |
---------------+----------------------+-----
Slings         | 5 6 7 |  7.2
Fighting       | 3 4 |  4.3
Stealth        | 2 |  2.1
Armour         | 1 2 |  2.0
Short Blades   | 1 |  1.8
Dodging        | 3 |  3.2

Action                   |  1- 3 |  4- 6 |  7- 9 || total
-------------------------+-------+-------+-------++-------
Melee: Short sword       |     1 |    24 |    14 ||    39
 Fire: Hunting sling     |    95 |   152 |    89 ||   336
  Use: Scroll            |     1 |     5 |       ||     6
       Potion            |       |     3 |     3 ||     6
 Stab: Sleeping          |       |       |     1 ||     1
Armor: Leather armour    |    14 |    15 |     7 ||    36
Dodge: Dodged            |    40 |    66 |    25 ||   131

Table legend: (Time is in decaauts)
 A = Elapsed time spent in this place.
 B = Non-inter-level travel time spent in this place.
 C = Inter-level travel time spent in this place.
 D = Time resting spent in this place.
 E = Time spent auto-exploring this place.
 F = Levels seen in this place.
 G = Mean time per level.
                   A        B        C        D        E       F      G
               +--------+--------+--------+--------+--------+-----+--------+
         Total |   5947 |   5553 |    394 |   1044 |   3308 |   4 | 1486.8 |
       Dungeon |   5947 |   5553 |    394 |   1044 |   3308 |   4 | 1486.8 |
               +--------+--------+--------+--------+--------+-----+--------+

Top non-repeatable levels by time:
     D:3: 2548 daAuts
     D:4: 1338 daAuts
     D:2: 1228 daAuts
     D:1: 831 daAuts
